 Dungeon Crawl Stone Soup version 0.29-a0-490-g77b3608bb8 (webtiles) character file.

Game seed: 18222058842258109433

24 croobank the Covert (level 3, -3/35 HPs)
             Began as a Gnoll Delver on May 26, 2022.
             Killed from afar by a white imp (6 damage)
             ... with a puff of frost
             ... on level 3 of the Dungeon.
             The game lasted 00:03:37 (889 turns).

croobank the Covert (Gnoll Delver)                   Turns: 889, Time: 00:03:38

Health: -3/35      AC:  6    Str: 11    XL:     3   Next: 2%
Magic:  3/3        EV: 10    Int: 11    God:
Gold:   87         SH:  0    Dex: 13    Spells: 3/3 levels left

rFire   . . .      SeeInvis .   a - +0 hand axe
rCold   . . .      Faith    .   (no shield)
rNeg    . . .      Spirit   .   l - +0 scale mail
rPois   .          Reflect  .   (no helmet)
rElec   .          Harm     .   (no cloak)
rCorr   .          Rampage  .   (no gloves)
Will    .....                   (no boots)
Stlth   +++.......              (no amulet)
HPRegen 0.11/turn               (no ring)
MPRegen 0.08/turn               (no ring)

@: brilliant
A: fangs 1, strong nose, distributed training
a: no special abilities


You were on level 3 of the Dungeon.
You visited 1 branch of the dungeon, and saw 3 of its levels.

You collected 87 gold pieces.

Inventory:

Hand Weapons
 a - a +0 hand axe (weapon)
 b - a +0 hunting sling
Missiles
 i - 5 boomerangs (quivered)
 m - 15 stones
 n - 8 poisoned darts
Armour
 j - a +0 leather armour
 l - a +0 scale mail (worn)
 q - a +0 ring mail
Jewellery
 o - a ring of willpower
Wands
 g - a wand of digging (3)
Scrolls
 c - a scroll of fog
 d - a scroll of magic mapping
 e - 4 scrolls of fear
 k - a scroll of poison {unknown}
 p - a scroll of identify {unknown}
Potions
 f - 2 potions of haste
 r - a potion of curing {unknown}
 s - a potion of heal wounds {unknown}


   Skills:
 + Level 6.5 Fighting
 + Level 0.5 Short Blades
 + Level 0.5 Long Blades
 + Level 4.5 Axes
 + Level 0.5 Maces & Flails
 + Level 0.5 Polearms
 + Level 0.5 Staves
 + Level 0.5 Slings
 + Level 0.5 Bows
 + Level 0.5 Crossbows
 + Level 0.5 Throwing
 + Level 0.5 Armour
 + Level 4.5 Dodging
 + Level 9.5 Stealth
 + Level 0.5 Shields
 + Level 0.5 Unarmed Combat
 + Level 0.5 Spellcasting
 + Level 0.4 Conjurations
 + Level 0.4 Hexes
 + Level 0.4 Summonings
 + Level 0.4 Necromancy
 + Level 0.4 Translocations
 + Level 0.4 Transmutations
 + Level 0.4 Fire Magic
 + Level 0.4 Ice Magic
 + Level 0.4 Air Magic
 + Level 0.4 Earth Magic
 + Level 0.4 Poison Magic
 + Level 0.7 Invocations
 + Level 0.5 Evocations


You had 3 spell levels left.
You didn't know any spells.
Your spell library was empty.

Dungeon Overview and Level Annotations

Branches:
Dungeon (5/15)
 Temple: D:4-7

Altars:


Innate Abilities, Weirdness & Mutations

You have very sharp teeth.
Your uncanny sense of smell can sniff out nearby items.
Your experience applies equally to all skills.


Message History

You kill the frilled lizard!
You have reached level 3!
Your experience leads to an increase in your attributes!
Increase (S)trength, (I)ntelligence, or (D)exterity?
You feel clever. x2
f - 2 potions of haste (gained 1)
There is an open door here.
A ball python comes into view.
The helpless ball python fails to defend itself.
You slash the ball python!
You kill the ball python!
You now have 87 gold pieces (gained 4).
A white imp comes into view.
The white imp gestures at you. The puff of frost hits you!
The white imp barely misses you.
You hit the white imp but do no damage. The white imp closely misses you.
You hit the white imp.
The white imp is heavily wounded.
The white imp hits you but does no damage.
You hit the white imp but do no damage.
The white imp is heavily wounded.
The white imp hits you but does no damage.
You hit the white imp.
You bite the white imp, but do no damage.
The white imp is severely wounded.
The white imp gestures at you. The puff of frost hits you.
The white imp gestures at you. The puff of frost hits you.
You closely miss the white imp. You bite the white imp.
The white imp is severely wounded.
The white imp gestures at you. The puff of frost hits you!
* * * LOW HITPOINT WARNING * * *
It was a potion of brilliance.
You feel clever all of a sudden. The white imp gestures at you.
The puff of frost hits you.
You die...

##########. #. #.
### ∆ #. ... #.
#.# #..# #. #.#
#..#####. #5#
#..#..... #@#
#..#.###. #.#
#..#.# #. #.#
#..#.#### #.#
#†.#..... #.#
#..###### #.#
#........
#.#########.######
#...........#.....
#############.####


You could see a white imp.

Vanquished Creatures
  An adder (D:4)
  A dart slug (D:4)
  2 ball pythons (D:3)
  2 bats (D:3)
  An endoplasm (D:4)
  A giant cockroach (D:4)
  A hobgoblin (D:4)
  2 frilled lizards (D:3)
  2 rats (D:3)
13 creatures vanquished.

Notes
Turn   | Place    | Note
-------+----------+-------------------------------------------
     0 | D:5      | Reached skill level 9 in Stealth
     0 | D:5      | croobank the Gnoll Delver began the quest for the Orb.
     0 | D:5      | Reached XP level 1. HP: 23/23 MP: 1/1
    93 | D:5      | Noticed an ogre
   154 | D:4      | Reached XP level 2. HP: 22/29 MP: 2/2
   793 | D:3      | Reached XP level 3. HP: 35/35 MP: 3/3
   889 | D:3      | Killed from afar by a white imp

Illustrated notes

Levels and vault maps discovered:
D:3:      cheibrodos_old_hovel, layout_basic, tgw_xom
D:4:      minmay_wonky_spiral, layout_loops_ring,
          minmay_temple_entry_proselytizer, serial_shops, shop
D:5:      old_forge, layout_cave_pools, uniq_duvessa

Skill      XL: | |
---------------+-+-----
Stealth        | |  9.5
Fighting       | |  6.5
Short Blades   | |  0.5
Long Blades    | |  0.5
Axes           | |  4.5
Maces & Flails | |  0.5
Polearms       | |  0.5
Staves         | |  0.5
Slings         | |  0.5
Bows           | |  0.5
Crossbows      | |  0.5
Throwing       | |  0.5
Armour         | |  0.5
Dodging        | |  4.5
Shields        | |  0.5
Unarmed Combat | |  0.5
Spellcasting   | |  0.5
Conjurations   | |  0.4
Hexes          | |  0.4
Summonings     | |  0.4
Necromancy     | |  0.4
Translocations | |  0.4
Transmutations | |  0.4
Fire Magic     | |  0.4
Ice Magic      | |  0.4
Air Magic      | |  0.4
Earth Magic    | |  0.4
Poison Magic   | |  0.4
Invocations    | |  0.7
Evocations     | |  0.5

Action                   || total
-------------------------++-------
Melee: Hand axe          ||    36
       Bite              ||     4
Throw: Boomerang         ||     3
  Use: Potion            ||     1
 Stab: Sleeping          ||     4
Armor: Leather armour    ||     4
       Scale mail        ||     7
Dodge: Dodged            ||    23

Table legend: (Time is in decaauts)
 A = Elapsed time spent in this place.
 B = Non-inter-level travel time spent in this place.
 C = Inter-level travel time spent in this place.
 D = Time resting spent in this place.
 E = Time spent auto-exploring this place.
 F = Levels seen in this place.
 G = Mean time per level.
                   A        B        C        D        E       F      G
               +--------+--------+--------+--------+--------+-----+--------+
         Total |    891 |    891 |      0 |    113 |    364 |   3 |  297.0 |
       Dungeon |    891 |    891 |      0 |    113 |    364 |   3 |  297.0 |
               +--------+--------+--------+--------+--------+-----+--------+

Top non-repeatable levels by time:
     D:3: 471 daAuts
     D:4: 309 daAuts
     D:5: 110 daAuts
